 Dungeon Crawl Stone Soup version 0.19-a0-1886-gd64a0f0 (webtiles) character file.

41 JeffiDaFish the Sneak (level 3, 0/24 HPs)
             Began as a Vampire Enchanter on Oct 16, 2016.
             Slain by an adder (3 damage)
             ... on level 2 of the Dungeon.
             The game lasted 00:04:28 (1662 turns).

JeffiDaFish the Sneak (Vampire Enchanter)           Turns: 1662, Time: 00:04:29

Health: 0/24       AC:  4    Str:  7 (8)  XL:     3   Next: 32%
Magic:  0/6        EV: 13    Int: 16 (17) God:
Gold:   75         SH:  0    Dex: 12 (14) Spells: 2 memorised, 3 levels left

rFire  . . .     SeeInvis +     a - +1 dagger
rCold  . . .     Gourm    .     b - +2 robe
rNeg   + . .     Faith    +     (no shield)
rPois  .         Spirit   .     (no helmet)
rElec  .         Dismiss  .     (no cloak)
rCorr  .         Reflect  .     (no gloves)
MR     .....     Harm     .     (no boots)
Stlth  +++.......               f - amulet of faith
                                (no ring)
                                (no ring)

@: lethally poisoned (0 -> -4), very slightly contaminated
A: claws 1, fangs 3, see invisible, screaming 1, unbreathing
a: Bat Form


You were on level 2 of the Dungeon.
You were not thirsty.

You visited 1 branch of the dungeon, and saw 2 of its levels.

You collected 75 gold pieces.

Inventory:

Hand Weapons
 a - a +1 dagger (weapon)
Armour
 b - a +2 robe (worn)
Jewellery
 f - an amulet of faith (around neck)
Scrolls
 e - a scroll of magic mapping
 h - 2 scrolls of identify
 i - a scroll of remove curse
Potions
 d - 8 potions of blood
 g - a potion of resistance
Books
 c - a book of Maledictions

   Spells                             Type                      Level
   a - Corona                         Hexes                        1
   b - Ensorcelled Hibernation        Hexes/Ice                    2
   c - Confuse                        Hexes                        3
   d - Tukima's Dance                 Hexes                        3
   e - Dazzling Spray                 Conjuration/Hexes            3


   Skills:
 + Level 0.1 Fighting
 + Level 1.2 Short Blades
 + Level 2.7 Dodging
 + Level 5.6 Stealth
 + Level 2.2 Spellcasting
 + Level 4.7 Hexes


You had 3 spell levels left.
You knew the following spells:

 Your Spells              Type           Power        Failure   Level  Hunger
a - Corona                Hex            ###....      3%          1    #......
b - Ensorcelled Hibernat  Hex/Ice        #.....       14%         2    ###....


Dungeon Overview and Level Annotations

Branches:
Dungeon (2/15)

Altars:


Innate Abilities, Weirdness & Mutations

You have razor-sharp teeth.
You have supernaturally acute eyesight. (SInv)
You can survive without breathing.
You have sharp fingernails.
You occasionally shout uncontrollably at your foes.


Message History

The adder misses you.
Casting: Ensorcelled Hibernation
Confirm with . or Enter, or press ? or * to list all spells.
Aiming: Corona
Press: ? - help, Shift-Dir - straight line, f/p - adder
Aim: an adder (severely wounded, chance to defeat MR: 62%)
The adder is outlined in light.
You feel sick. The adder closely misses you. The adder bites you.
* * * LOW HITPOINT WARNING * * *
You miss the adder.
The adder is severely wounded.
The adder closely misses you.
You hit the adder. You bite the adder.
The adder is almost dead.
* * * LOW HITPOINT WARNING * * *
You feel sick. The adder bites you but does no damage.
You barely miss the adder.
The adder is almost dead.
The adder bites you.
You die...

#.# #.# #.# #.# #.#
#### ### #######.#
#... ###.###.......##
#.##
#!...S#.####...###.#
##...@.#.###..(..##.#
#...................#
###.....#.####..######
#.......#.####..#
#.###...#.......#
#.###...#######'##
#.......# ##...##
#..###..# ##.....## #
#.......# ##.......##
#


You could see an adder.

Vanquished Creatures
  3 oozes (D:1)
  A worm (D:2)
  2 leopard geckos (D:1)
  4 bats
  A hobgoblin (D:1)
  3 jackals
  A quokka (D:2)
  2 frilled lizards
  4 kobolds
  2 rats (D:1)
23 creatures vanquished.

Notes
Turn   | Place    | Note
-------+----------+-------------------------------------------
     0 | D:1      | JeffiDaFish the Vampire Enchanter began the quest for the Orb.
     0 | D:1      | Reached XP level 1. HP: 13/13 MP: 3/3
   274 | D:1      | Reached skill level 5 in Stealth
   274 | D:1      | Reached XP level 2. HP: 7/19 MP: 5/5
   475 | D:1      | Learned a level 2 spell: Ensorcelled Hibernation
  1097 | D:1      | Reached XP level 3. HP: 13/24 MP: 6/6
  1421 | D:2      | Gained mutation: You occasionally shout uncontrollably at your foes. [potion of mutation]
  1421 | D:2      | Gained mutation: You have sharp fingernails. [potion of mutation]
  1662 | D:2      | Slain by an adder

Vault maps used:
D:1:      dpeg_arrival_round_b
D:2:      minmay_wonky_spiral, grunt_temple_overflow_forces_of_nature,
          nicolae_dithmenos_through_a_glass_darkly, first_bread,
          nicolae_qazlal_eye_of_the_storm, uniq_crazy_yiuf_cottage

Skill      XL: |  1 |
---------------+----+-----
Stealth        | 5 |  5.6
Fighting       | |  0.1
Short Blades   | |  1.2
Dodging        | |  2.7
Spellcasting   | |  2.2
Hexes          | |  4.7

Action                   || total
-------------------------++-------
Melee: Dagger            ||   153
       Bite              ||     7
 Cast: Ensorcelled Hiber ||     6
       Corona            ||     1
  Use: Scroll            ||     5
       Potion            ||     8
 Stab: Sleeping          ||     6
Armor: Robe              ||    59
Dodge: Dodged            ||   113
